 Dungeon Crawl Stone Soup version 0.21.0-36-ge3e1d5aaab (webtiles) character file.

34026 DildoBatman the Bewitcher (level 14, -2/106 HPs)
             Began as a Formicid Enchanter on Jan 29, 2018.
             Was a High Priest of Sif Muna.
             Shot with an arrow by a tengu warrior (14 damage)
             ... on level 15 of the Dungeon on Jan 30, 2018.
             The game lasted 01:47:41 (20244 turns).

DildoBatman the Bewitcher (Formicid Enchanter)     Turns: 20244, Time: 01:47:41

Health: -2/106     AC: 19    Str: 15    XL:     14   Next: 11%
Magic:  31/37      EV: 12    Int: 16    God:    Sif Muna [*****.]
Gold:   809        SH:  6    Dex: 11    Spells: 12/33 levels left

rFire    . . .     SeeInvis +   a - +7 Screaming Sword
rCold    + + .     Gourm    .   K - +1 buckler "Weanoz" {rElec rPois MP+9 Str-2 SInv}
rNeg     . . .     Faith    .   p - +2 scale mail of Music {*Slow rC+ Slay+2 SInv}
rPois    +         Spirit   .   (helmet unavailable)
rElec    +         Reflect  .   L - +0 cloak
rCorr    .         Harm     .   w - +0 pair of gloves
MR       +....                  m - +1 pair of boots
Stlth    ++........             n - amulet of regeneration
HPRegen  0.67/turn              Z - ring of protection from cold
MPRegen  0.25/turn              C - +4 ring of protection

@: very slightly contaminated, invisible
A: permanent stasis, dig shafts and tunnels, four strong arms, antennae 3
a: Dig, Shaft Self, Divine Energy, Channel Magic, Forget Spell, Renounce
Religion


You were on level 15 of the Dungeon.
You worshipped Sif Muna.
Sif Muna was extremely pleased with you.
You were not hungry.

You visited 2 branches of the dungeon, and saw 16 of its levels.
You also visited: Labyrinth.

You collected 1056 gold pieces.
You spent 247 gold pieces at shops.

Inventory:

Hand Weapons
 a - the +7 Screaming Sword (weapon)
   (You found it on level 10 of the Dungeon)
 b - a +5 dire flail of protection
 c - a +2 scimitar of flaming
 d - a +2 dagger of venom
Armour
 m - a +1 pair of boots (worn)
 o - a +0 troll leather armour
 p - the +2 scale mail of Music (worn) {*Slow rC+ Slay+2 SInv}
   (You took it off a minotaur in a labyrinth)

   It affects your accuracy and damage with ranged weapons and melee attacks
   (+2).
   It protects you from cold.
   It lets you see invisible.
   It may slow you when you take damage.
 w - a +0 pair of gloves (worn)
 F - the +1 ring mail "Fessuth" {rElec rF+ Dex+3}
   (You found it on level 10 of the Dungeon)

   It affects your dexterity (+3).
   It protects you from fire.
   It insulates you from electricity.
 I - a scarf of repulsion
 K - the +1 buckler "Weanoz" (worn) {rElec rPois MP+9 Str-2 SInv}
   (You bought it in a shop on level 13 of the Dungeon)

   It affects your strength (-2).
   It insulates you from electricity.
   It protects you from poison.
   It affects your magic capacity (+9).
   It lets you see invisible.
 L - a +0 cloak (worn)
Magical Staves
 g - an uncursed staff of energy {unknown}
Jewellery
 e - the ring of Ru's Esteem {Ice +Fly rElec rN++ Dex-4}
   (You took it off a minotaur in a labyrinth)

   [ring of ice]

   It enhances your ice magic.
   It affects your dexterity (-4).
   It makes you vulnerable to fire.
   It protects you from cold.
   It insulates you from electricity.
   It greatly protects you from negative energy.
   It lets you fly.
 f - an uncursed ring of fire
 n - an amulet of regeneration (around neck)
 t - a +2 ring of strength
 u - an uncursed ring of magical power
 C - a +4 ring of protection (right hand)
 N - an uncursed ring of ice
 S - an uncursed ring of fire
 Z - a ring of protection from cold (left hand)
Scrolls
 x - 5 scrolls of remove curse
 z - 4 scrolls of identify
 A - 3 scrolls of magic mapping
Potions
 h - 4 potions of curing
 i - a potion of berserk rage {unknown}
 l - a potion of agility
 T - a potion of mutation {unknown}
Books
 j - Sif Muna's Volume of the Aerial Mountains
   (Sif Muna gifted it to you on level 11 of the Dungeon)

   Spells                             Type                      Level
   a - Shock                          Conjuration/Air              1
   b - Petrify                        Transmutation/Earth          4
   c - Freezing Cloud                 Conjuration/Ice/Air          6
   d - Tornado                        Air                          9
 M - Sif Muna's Volume of Execration
   (Sif Muna gifted it to you on level 13 of the Dungeon)

   Spells                             Type                      Level
   a - Cause Fear                     Hexes                        4
   b - Yara's Violent Unravelling     Hexes/Transmutation          5
   c - Silence                        Hexes/Air                    5
   d - Invisibility                   Hexes                        6
   e - Discord                        Hexes                        8
Miscellaneous
 k - a phial of floods (inert)
 s - a lamp of fire
 R - a box of beasts
Comestibles
 v - 18 rations


   Skills:
 * Level 8.3 Fighting
 - Level 1.0 Short Blades
 * Level 8.5 Armour
 * Level 6.3 Dodging
 * Level 6.8 Stealth
 - Level 5.0 Shields
 * Level 10.2 Spellcasting
 * Level 17.0 Hexes
 * Level 2.0 Charms
 * Level 2.0 Necromancy
 * Level 1.6 Air Magic
 * Level 2.2 Evocations


You had 12 spell levels left.
You knew the following spells:

 Your Spells              Type           Power        Failure   Level  Hunger
a - Corona                Hex            ######.      1%          1    None
b - Confuse               Hex            ######..     1%          3    None
c - Spectral Weapon       Hex/Chrm       #####...     1%          3    None
d - Regeneration          Chrm/Necr      ##........   36%         3    None
i - Invisibility          Hex            ######..     4%          6    ######.
j - Silence               Hex/Air        #####.....   17%         5    #####..


Dungeon Overview and Level Annotations

Branches:
Dungeon (15/15)            Temple (1/1) D:6            Lair (0/6) D:10
    Orc (0/2) D:9          Vaults (0/5) D:13
 Depths: D:15

Altars:
Ashenzari
Cheibriados
Dithmenos
Elyvilon
Fedhas
Gozag
Hepliaklqana
Kikubaaqudgha
Makhleb
Nemelex Xobeh
Okawaru
Qazlal
Ru
Sif Muna
Trog
Uskayaw
Vehumet
Wu Jian
Xom
Yredelemnul
Zin
The Shining One

Shops:
D:13 [

Portals:
Trove: D:13 (give +4 ice dragon scales)


Innate Abilities, Weirdness & Mutations

You cannot be hasted, slowed, berserked, paralysed or teleported.
You can dig through walls and to a lower floor.
Your four strong arms can wield two-handed weapons with a shield.
You have a pair of large antennae on your head. (SInv)


Message History

The monsters around you reel from the noise!
The cyclops shouts!
The tengu warrior shoots an arrow.
The arrow hits you!
The cyclops throws a large rock.
The large rock barely misses you.
The large rock hits the large slime creature!!!
You see here an arrow.
Casting: Confuse
Confirm with . or Enter, or press ? or * to list all spells.
Aiming: Invisibility
Press: ? - help, Shift-Dir - straight line, f - you You fade into invisibility!
You are very lightly contaminated with residual magic.
The Screaming Sword gives off a sizzling sound.
The monsters around you reel from the noise!
The slime creature hits you.
The tengu warrior shoots an arrow.
The arrow hits you!
You die...

......#.....##.....#....
###.###.............#.. ......
{................?≈..#........
###C..##..........≈≈..#......
#.#. #....##..$.####.#.#.# # #
#.)..##....#.#.#.#.####
.≈≈≈≈≈####.[.......#.....
#≈≈≈≈≈≈Q.......##....#....
..≈≈≈CC....@JJ:.......#.
##.≈≈≈##....J..###.##..#.
##...#C###......... #
####.....DJ........... #..
........#..........###


'C. .......#......#...# #.. .......##...........# ...{ { .###...##...........#
## ####..##...##.#≈≈≈......# You could see a five-headed hydra, an ettin, a
large slime creature, 3 slime creatures, a tengu warrior and 2 cyclopes.

Vanquished Creatures
  The ghost of hofbold the Severer, a journeyman FoFi of the Shining One (D:15)
  A minotaur (Lab)
  Harold (D:10)
  2 centaur warriors
  2 ogre magi
  7 two-headed ogres
  A skeletal warrior (D:13)
  2 unseen horrors
  A deep elf archer (D:13)
  A deep troll (D:14)
  A phantasmal warrior (D:14)
  2 ugly things
  2 deep elf magi (D:13)
  A manticore (D:13)
  Maurice (D:10)
  4 centaur zombies
  A kobold demonologist (D:11)
  A gargoyle (D:13)
  6 centaur skeletons
  An efreet (D:14)
  A meliai (D:14)
  2 trolls
  The ghost of Andry07 the Skirmisher, an amateur GrFi (D:3)
  A harpy skeleton (D:14)
  A hornet (D:14)
  10 slime creatures (D:12)
  3 hippogriffs
  A centaur simulacrum (D:15)
  Sigmund (D:1)
  A shadow (D:11)
  A wyvern (D:14)
  2 wraiths (D:14)
  A basilisk (D:14)
  13 yaks
  A hungry ghost (D:10)
  A steam dragon (D:9)
  Edmund (D:6)
  A two-headed ogre zombie (D:9)
  An acid dragon (D:11)
  3 water moccasins
  A soldier ant (D:12)
  Duvessa (D:5)
  10 orc warriors
  A black bear (D:7)
  3 ice beasts
  4 sky beasts
  3 phantoms
  A hornet zombie (D:15)
  11 centaurs
  8 ogres
  4 big kobolds
  8 bullfrogs
  Dowan (D:5)
  2 gnoll sergeants
  3 wyvern skeletons
  3 scorpions
  3 troll zombies (D:9)
  13 killer bees
  An electric eel (D:8)
  6 wights (D:14)
  9 crimson imps
  A quasit (D:11)
  2 bullfrog zombies
  3 human zombies (D:14)
  6 hounds
  3 jellies
  15 orc wizards
  7 orc priests
  3 bullfrog skeletons
  Terence (D:1)
  Jessica (D:1)
  A human skeleton (D:14)
  7 iguanas
  5 worker ants
  4 ogre zombies (D:9)
  A hound skeleton (D:5)
  5 mummies (D:14)
  3 worker ant zombies
  17 gnolls
  12 adders
  5 shadow imps
  2 worms
  2 dart slugs
  4 leopard geckos
  55 orcs
  A ball python (D:8)
  9 bats
  4 giant cockroaches
  4 goblins
  7 hobgoblins
  10 jackals
  17 kobolds
  6 quokkas
  2 frilled lizards
  A goblin skeleton (D:9)
  3 goblin zombies (D:9)
  4 hobgoblin skeletons (D:9)
  A hobgoblin zombie (D:9)
  3 jackal skeletons (D:4)
  A jackal zombie (D:3)
  4 orc skeletons
  15 orc zombies
  2 quokka zombies
  7 rats
448 creatures vanquished.

Vanquished Creatures (collateral kills)
  A centaur warrior (D:13)
1 creature vanquished.

Grand Total: 449 creatures vanquished

Notes
Turn   | Place    | Note
-------+----------+-------------------------------------------
     0 | D:1      | DildoBatman the Formicid Enchanter began the quest for the Orb.
     0 | D:1      | Reached XP level 1. HP: 13/13 MP: 3/3
    44 | D:1      | Reached skill level 1 in Fighting
   324 | D:1      | Reached XP level 2. HP: 22/22 MP: 3/5
   914 | D:2      | Reached XP level 3. HP: 28/28 MP: 4/6
   919 | D:2      | Learned a level 3 spell: Confuse
   948 | D:2      | Noticed Sigmund
  1085 | D:2      | Noticed Terence
  1396 | D:2      | Noticed Jessica
  1750 | D:3      | Noticed Andry07's ghost (amateur GrFi)
  2081 | D:2      | Found a blossoming altar of Fedhas.
  2300 | D:3      | Reached XP level 4. HP: 14/35 MP: 4/7
  2718 | D:3      | Reached skill level 1 in Shields
  2729 | D:3      | Reached skill level 1 in Armour
  3113 | D:3      | Reached XP level 5. HP: 23/41 MP: 8/8
  3260 | D:3      | Found an opulent altar of Gozag.
  3745 | D:4      | Noticed an ogre
  4645 | D:4      | Found a hazy altar of Hepliaklqana.
  4653 | D:4      | Found a hide-covered altar of Uskayaw.
  4659 | D:4      | Found a basalt altar of Yredelemnul.
  4706 | D:4      | Noticed an ogre
  4710 | D:4      | Killed an ogre
  4710 | D:4      | Reached XP level 6. HP: 22/48 MP: 9/9
  4920 | D:4      | Noticed Edmund
  4962 | D:5      | Entered Level 5 of the Dungeon
  5075 | D:4      | Found a snail-covered altar of Cheibriados.
  5465 | D:5      | Noticed a water moccasin
  5817 | D:5      | Found a shattered altar of Ashenzari.
  5883 | D:5      | Reached skill level 4 in Hexes
  5883 | D:5      | Reached XP level 7. HP: 47/55 MP: 10/10
  6153 | D:5      | Noticed Duvessa
  6428 | D:5      | Found an iron altar of Okawaru.
  6492 | D:5      | Noticed Dowan
  6621 | D:6      | Reached skill level 5 in Fighting
  6639 | D:6      | Found a staircase to the Ecumenical Temple.
  6650 | Temple   | Entered the Ecumenical Temple
  6800 | Temple   | Became a worshipper of Sif Muna the Loreminder
  7053 | D:6      | Found a shadowy altar of Dithmenos.
  7192 | D:3      | Reached skill level 5 in Stealth
  7192 | D:3      | Reached XP level 8. HP: 52/62 MP: 9/11
  7237 | D:1      | Killed Terence
  7297 | D:1      | Killed Sigmund
  7297 | D:1      | Reached skill level 6 in Hexes
  7351 | D:1      | Killed Jessica
  7550 | D:3      | Reached skill level 7 in Hexes
  7835 | D:6      | Killed Edmund
  7862 | D:6      | Reached * piety under Sif Muna
  7865 | D:6      | Reached skill level 8 in Hexes
  8059 | D:6      | Reached XP level 9. HP: 68/68 MP: 12/12
  8140 | D:6      | Found a white marble altar of Elyvilon.
  8409 | D:3      | Killed Andry07's ghost
  8512 | D:5      | Killed Duvessa
  8522 | D:5      | Killed Dowan
  8774 | D:7      | Reached skill level 5 in Armour
  8899 | D:7      | Reached skill level 5 in Shields
  8941 | D:7      | Reached skill level 9 in Hexes
  9130 | D:7      | Reached ** piety under Sif Muna
  9203 | D:7      | Reached XP level 10. HP: 59/76 MP: 16/16
  9368 | D:7      | Found a white marble altar of Elyvilon.
  9579 | D:8      | Reached skill level 5 in Spellcasting
  9586 | D:8      | Found a shadowy altar of Dithmenos.
  9617 | D:8      | Reached skill level 10 in Hexes
  9758 | D:8      | Found an ornate altar of the Wu Jian Council.
 10066 | D:8      | Reached skill level 11 in Hexes
 10423 | D:9      | Found a staircase to the Orcish Mines.
 10441 | D:9      | Reached *** piety under Sif Muna
 11127 | D:10     | Entered Level 10 of the Dungeon
 11170 | D:10     | Reached skill level 12 in Hexes
 11255 | D:9      | Reached **** piety under Sif Muna
 11365 | D:10     | Noticed Maurice
 11367 | D:10     | Noticed Harold
 11416 | D:10     | Killed Maurice
 11416 | D:10     | Reached XP level 11. HP: 77/81 MP: 20/20
 11435 | D:10     | Noticed a two-headed ogre
 11435 | D:10     | Killed Harold
 11435 | D:10     | Reached skill level 13 in Hexes
 11480 | D:10     | Killed a two-headed ogre
 11480 | D:10     | Reached skill level 14 in Hexes
 11693 | D:10     | Noticed an unseen horror
 11724 | D:10     | Killed an unseen horror
 11754 | D:10     | Got a heavily runed ring mail
 11765 | D:10     | Identified the +1 ring mail "Fessuth" {rElec rF+ Dex+3} (You found it on level 10 of the Dungeon)
 12005 | D:10     | Found the +7 Singing Sword
 12029 | D:10     | Found a staircase to the Lair.
 13175 | D:11     | Reached ***** piety under Sif Muna
 13244 | D:11     | Reached skill level 5 in Dodging
 13382 | D:11     | Reached XP level 12. HP: 78/91 MP: 22/22
 13538 | D:11     | Received a gift from Sif Muna
 13541 | D:11     | Identified Sif Muna's Volume of the Aerial Mountains (Sif Muna gifted it to you on level 11 of the Dungeon)
 14112 | D:11     | Got a faintly glowing iron ring
 14182 | D:11     | Identified the ring of Ramyad {rPois rN+ SInv} (You found it on level 11 of the Dungeon)
 14379 | D:12     | Reached skill level 15 in Hexes
 14726 | D:12     | Noticed a two-headed ogre
 14742 | D:12     | Killed a two-headed ogre
 15060 | D:12     | Found a shattered altar of Ashenzari.
 15648 | D:13     | Got a jacinth-encrusted leather armour
 15662 | D:13     | Noticed a two-headed ogre
 15670 | D:13     | Killed a two-headed ogre
 16017 | D:13     | Reached skill level 16 in Hexes
 16035 | D:13     | Identified Sif Muna's Volume of Execration (Sif Muna gifted it to you on level 13 of the Dungeon)
 16035 | D:13     | Received a gift from Sif Muna
 16038 | D:13     | Noticed an unseen horror
 16046 | D:13     | Killed an unseen horror
 16139 | D:13     | Noticed a centaur warrior
 16152 | D:13     | Killed a centaur warrior
 16152 | D:13     | Reached XP level 13. HP: 52/96 MP: 23/26
 16160 | D:13     | Learned a level 6 spell: Invisibility
 16166 | D:13     | Learned a level 5 spell: Silence
 16421 | D:13     | Identified the +2 leather armour of the Thistle {rCorr} (You found it on level 13 of the Dungeon)
 16470 | D:13     | Found a portal to a secret trove of treasure.
 16553 | D:13     | Noticed a centaur warrior
 16641 | D:13     | Killed a centaur warrior
 17121 | D:13     | Found Gagyziss's Antique Armour Shoppe.
 17127 | D:13     | Bought a distressingly furry buckler for 247 gold pieces
 17138 | D:13     | Identified the +1 buckler "Weanoz" {rElec rPois MP+9 Str-2 SInv} (You bought it in a shop on level 13 of the Dungeon)
 17555 | D:14     | Found a labyrinth entrance.
 17662 | D:14     | Found a basalt altar of Yredelemnul.
 17750 | D:14     | Reached skill level 10 in Spellcasting
 17751 | D:14     | Noticed a centaur warrior
 17762 | D:14     | Killed a centaur warrior
 17801 | Lab      | Entered a labyrinth
 18472 | Lab      | Noticed a minotaur
 18505 | Lab      | Killed a minotaur
 18508 | Lab      | Got a pitted ivory ring
 18512 | Lab      | Got a transparent great mace {crush}
 18512 | Lab      | Got a steaming scale mail
 18527 | D:14     | Identified the +3 great mace of Eternity {crush, rElec Str+7 Int-2 Stlth+} (You took it off a minotaur in a labyrinth)
 18541 | D:14     | Identified the +2 scale mail of Music {*Slow rC+ Slay+2 SInv} (You took it off a minotaur in a labyrinth)
 18567 | D:14     | Identified the ring of Ru's Esteem {Ice +Fly rElec rN++ Dex-4} (You took it off a minotaur in a labyrinth)
 18588 | D:14     | Learned a level 3 spell: Spectral Weapon
 18592 | D:14     | Learned a level 3 spell: Regeneration
 19366 | D:13     | Found a gate to the Vaults.
 19411 | D:13     | Reached skill level 1 in Charms
 19559 | D:14     | Reached skill level 1 in Evocations
 19628 | D:14     | Reached skill level 1 in Necromancy
 19629 | D:14     | Reached skill level 1 in Air Magic
 20000 | D:15     | Entered Level 15 of the Dungeon
 20000 | D:15     | Noticed a five-headed hydra
 20034 | D:15     | Noticed hofbold's ghost (journeyman FoFi)
 20164 | D:15     | Reached XP level 14. HP: 67/105 MP: 28/28
 20225 | D:15     | Killed hofbold's ghost
 20225 | D:15     | Reached skill level 17 in Hexes
 20232 | D:15     | Received a gift from Sif Muna
 20244 | D:15     | Shot with an arrow by a tengu warrior

Skill      XL: |  1  2  3  4  5  6  7  8  9 10 11 12 13 14 |
---------------+-------------------------------------------+-----
Fighting       | 1 2 3 4 5 6 7 8 |  8.3
Dodging        | 2 3 4 5 6 |  6.3
Shields        | 2 3 5 |  5.0
Armour         | 2 3 4 5 6 8 |  8.5
Stealth        | 4 5 6 |  6.8
Hexes          | 4 8 9 12 14 16 17 | 17.0
Spellcasting   | 4 6 7 9 10 | 10.2
Charms         | 1 2 |  2.0
Evocations     | 1 2 |  2.2
Necromancy     | 1 2 |  2.0
Air Magic      | 1 |  1.6
Short Blades   | |  1.0

Action                   |  1- 3 |  4- 6 |  7- 9 | 10-12 | 13-15 || total
-------------------------+-------+-------+-------+-------+-------++-------
Melee: Dagger            |   109 |   138 |     6 |   165 |    45 ||   463
       Mace              |    22 |    47 |    15 |       |       ||    84
       Short sword       |       |    84 |   146 |       |       ||   230
       Quarterstaff      |       |       |    66 |       |       ||    66
       Dire flail        |       |       |   154 |   383 |       ||   537
       Double sword      |       |       |       |   364 |   242 ||   606
       Hand axe          |       |       |       |    14 |       ||    14
 Cast: Corona            |    25 |    47 |    52 |    68 |    16 ||   208
       Confuse           |       |     4 |    38 |    95 |    37 ||   174
       Invisibility      |       |       |       |       |     4 ||     4
 Abil: Dig               |     7 |    14 |     8 |    42 |    34 ||   105
Evoke: Phial of floods   |       |       |       |       |     1 ||     1
  Use: Potion            |       |     1 |       |       |       ||     1
       Scroll            |       |       |     1 |     2 |     6 ||     9
 Stab: Sleeping          |     3 |       |     4 |     4 |     6 ||    17
       Confused          |       |     1 |    13 |    38 |    11 ||    63
       Invisible         |       |       |       |       |     4 ||     4
       Distracted        |       |       |       |       |     1 ||     1
  Eat: Chunk             |     6 |    15 |    11 |    38 |     8 ||    78
       Ration            |       |       |     2 |     1 |     3 ||     6
Armor: Robe              |     5 |       |       |       |       ||     5
       Leather armour    |    12 |       |       |     1 |       ||    13
       Scale mail        |    64 |   109 |       |    31 |    74 ||   278
       Ring mail         |       |    17 |   109 |   331 |    64 ||   521
Dodge: Dodged            |    83 |   146 |   168 |   483 |   175 ||  1055
       Deflected         |       |       |     1 |     2 |     3 ||     6
Block: Buckler           |       |    32 |    77 |   232 |    82 ||   423
       Rpst.: Double sword |       |       |       |    47 |    48 ||    95
